 Dungeon Crawl Stone Soup version 0.17.1-2-g5865329 (webtiles) character file.

115 Goblin1989 the Insei (level 5, -8/27 HPs)
             Began as a Vine Stalker Monk on Jan 23, 2016.
             Mangled by Menkaure (16 damage)
             ... on level 4 of the Dungeon.
             The game lasted 00:07:01 (2441 turns).

Goblin1989 the Insei (Vine Stalker Monk)            Turns: 2441, Time: 00:07:01

Health: -8/27      AC:  8    Str: 14    XL:     5   Next: 0%
Magic:  0/15       EV: 10    Int: 10    God:
Gold:   226        SH:  0    Dex: 17    Spells: 0 memorised, 4 levels left

rFire  . . .     SeeInvis .       - Unarmed
rCold  . . .     Clarity  .     p - +0 scale mail
rNeg   . . .     SustAt   .     (no shield)
rPois  .         Gourm    .     a - +0 helmet
rElec  .         Spirit   +     (no cloak)
rCorr  .         Warding  .     (no gloves)
rMut   .         Stasis   .     m - +0 pair of boots
MR     .....                    (no amulet)
Stlth  +.........               (no ring)
                                q - ring of magical power (curse)

@: drained, not resistant to hostile enchantments, very unstealthy
A: fangs 2, regeneration 1, magic shield, antimagic bite, no device heal 3, rot
immunity
a: no special abilities


You were on level 4 of the Dungeon.
You were not hungry.

You visited 1 branch of the dungeon, and saw 4 of its levels.

You collected 226 gold pieces.

Inventory:

Armour
 a - a +0 helmet (worn)
 f - a +0 chain mail
 m - a +0 pair of boots (worn)
 p - a +0 scale mail (worn)
Jewellery
 q - a cursed ring of magical power (left hand)
Wands
 r - a wand of draining (0)
Scrolls
 d - 2 scrolls of amnesia {unknown}
 e - 5 scrolls of remove curse {unknown}
 g - a scroll of identify {unknown}
 v - a scroll of noise {unknown}
 x - a scroll of recharging {unknown}
Potions
 c - a potion of agility {unknown}
 i - a potion of curing {unknown}
 k - 2 potions of cancellation {unknown}
 l - a potion of mutation {unknown}
 n - 3 potions of brilliance {unknown}
 o - a potion of invisibility {unknown}
 t - 2 potions of cure mutation {unknown}
 u - a potion of heal wounds {unknown}
 w - a potion of haste {unknown}
Comestibles
 b - 3 bread rations
 h - 2 slices of pizza
 j - 2 meat rations
 s - 8 fruits


   Skills:
 - Level 2.6(2.2) Fighting
 + Level 1.8(1.3) Armour
 - Level 2.4(1.9) Dodging
 - Level 2.4(1.9) Stealth
 * Level 5.5(5.0) Unarmed Combat


You had 4 spell levels left.
You didn't know any spells.

Dungeon Overview and Level Annotations

Branches:
Dungeon (4/15)
 Temple: D:4-7

Altars:
Zin

Annotations:
D:3 Grinder, Jessica
D:4 Menkaure


Innate Abilities, Weirdness & Mutations

You have extremely sharp teeth.
Your natural rate of healing is unusually fast.
When hurt, damage is shared between your health and your magic reserves.
Your bite disrupts and absorbs the magic of your enemies.
Potions and wands cannot restore your health.
You are immune to rotting.


Message History

You hit Menkaure but do no damage. You bite Menkaure.
Menkaure's magic leaks into the air.
You drain his magic.
Menkaure is heavily damaged.
Menkaure barely misses you.
You hit Menkaure. Your bite misses Menkaure.
Menkaure is severely damaged.
The centaur skeleton hits you. Menkaure hits you!!
The centaur skeleton hits you.
You hit Menkaure. You bite Menkaure, but do no damage.
Menkaure is almost destroyed.
Menkaure hits you.
* * * LOW HITPOINT WARNING * * *
The centaur skeleton closely misses you.
Menkaure falters for a moment.
You hit Menkaure. You bite Menkaure, but do no damage.
Menkaure is almost destroyed.
The centaur skeleton hits you but does no damage.
Menkaure hits you!!
Ouch! That really hurt!
You die...

.. #...# #. #. #...#
###.##### #...#
.......# #...# ## #
#..##.###...#####...
#.#..................#
#.....................
#.##...........^......
#.(..Z@.#.#...#.###...
.......#M##.#...#.# .
#.#..#.#.##.#...#.#
#......#.##.#...#.#
..?...Z........)..#
#.....###..##...###
≈≈≈≈≈≈ #.. #..<# #.#
##.## .. ...


You could see Menkaure and a centaur skeleton.

Vanquished Creatures
  Ijyb (D:3)
  3 adders
  2 oozes
  2 giant geckos
  An orc (D:3)
  3 bats (D:1)
  6 giant cockroaches
  4 hobgoblins
  2 jackals (D:2)
  4 kobolds
  A quokka (D:3)
  2 ball pythons
  3 giant newts
  7 goblins
  5 rats
46 creatures vanquished.

Notes
Turn   | Place    | Note
--------------------------------------------------------------
     0 | D:1      | Goblin1989 the Vine Stalker Monk began the quest for the Orb.
     0 | D:1      | Reached XP level 1. HP: 11/11 MP: 2/2
   249 | D:1      | Reached XP level 2. HP: 14/16 MP: 3/3
   809 | D:2      | Reached skill level 1 in Armour
   809 | D:2      | Reached XP level 3. HP: 19/19 MP: 2/4
  1187 | D:2      | Reached skill level 5 in Unarmed Combat
  1331 | D:3      | Noticed Ijyb
  1338 | D:3      | Killed Ijyb
  1338 | D:3      | Reached XP level 4. HP: 4/23 MP: 2/5
  1427 | D:3      | Noticed Grinder
  1432 | D:3      | Paralysed by Grinder for 6 turns
  1515 | D:3      | Found a glowing silver altar of Zin.
  2296 | D:3      | Noticed Jessica
  2374 | D:4      | Reached XP level 5. HP: 27/27 MP: 6/6
  2432 | D:4      | Noticed Menkaure
  2441 | D:4      | Mangled by Menkaure

Action                   |  1- 3 |  4- 6 || total
-------------------------+-------+-------++-------
Melee: Unarmed           |    94 |    50 ||   144
Evoke: Wand              |       |     1 ||     1
 Stab: Sleeping          |     1 |       ||     1
  Eat: Chunk             |       |     5 ||     5
